 Dungeon Crawl Stone Soup version 0.14.0-17-gc0b17a5 (webtiles) character file.

293 staplegun the Skirmisher (level 5, -9/75 HPs)
             Began as a Deep Dwarf Berserker on Apr 18, 2014.
             Was a Believer of Trog.
             Killed by divine providence
             ... invoked by an orc priest
              (14 damage)
             ... on Level 3 of the Dungeon.
             The game lasted 00:02:39 (1812 turns).

staplegun the Skirmisher (Deep Dwarf Berserker)     Turns: 1812, Time: 00:02:39

HP  -9/75        AC  3     Str 26      XL: 5   Next: 37%
MP   5/5         EV 11     Int  8      God: Trog [**....]
Gold 108         SH  7     Dex 12      Spells:  0 memorised,  4 levels left

rFire  . . .     SeeInvis .     a - +0 mace
rCold  . . .     Clarity  .     b - +0 animal skin
rNeg   . . .     Conserve +     o - +0 buckler
rPois  .         rCorr    .     j - +0 helmet
rElec  .         rRot     .     (no cloak)
SustAb . .       Spirit   .     (no gloves)
rMut   .         Warding  .     (no boots)
Saprov . . .     Stasis   .     e - amulet of conservation
MR     .....                    (no ring)
                                (no ring)

@: non-regenerating, berserking (expiring), very quick, not resistant to hostile
enchantments, extremely unstealthy
A: damage resistance, recharge devices, sense surroundings 1, slow healing 3
a: Device Recharging, Burn Spellbooks, Berserk, Trog's Hand, Renounce Religion


You were on level 3 of the Dungeon.
You worshipped Trog.
Trog was pleased with you.
You were very hungry.

You visited 1 branch of the dungeon, and saw 3 of its levels.

You collected 108 gold pieces.

Inventory:

Hand weapons
 a - a +0,+0 mace (weapon)
Armour
 b - a +0 animal skin (worn)
 j - a +0 helmet (worn)
 o - a +0 buckler (worn)
Magical devices
 c - a wand of heal wounds (2)
 m - a wand of confusion (12)
 p - a wand of magic darts (9)
Comestibles
 d - 3 bread rations
 h - a choko
 i - a meat ration
 n - a rambutan
Scrolls
 g - 6 scrolls of remove curse
 l - a scroll of enchant armour {unknown}
Jewellery
 e - an amulet of conservation (around neck)
Potions
 f - a potion of restore abilities
 k - 4 potions of heal wounds


   Skills:
 + Level 4.0 Fighting
 + Level 4.0 Maces & Flails
 + Level 3.8 Armour
 - Level 2.2 Dodging
 + Level 0.2 Shields


You had 4 spell levels left.
You didn't know any spells.

Dungeon Overview and Level Annotations

Branches:
Dungeon (3/15)

Altars:
Makhleb
Vehumet
Xom


Innate Abilities, Weirdness & Mutations

You are resistant to damage.
You can recharge devices by infusing magical energy.
You passively map a small area around you.
You do not heal naturally.


Message History

The orc hits you.
The orc priest invokes the aid of Beogh against you.
Something smites you!
* * * LOW HITPOINT WARNING * * *
You sock the orc!
You kill the orc!
Trog accepts your kill. The bat closely misses you.
The orc priest mumbles some strange prayers to Beogh against you.
Something smites you!
* * * LOW HITPOINT WARNING * * *
You sock the bat!
You kill the bat!
Trog accepts your kill.
You sock the orc!
You kill the orc!
Trog accepts your kill.
The orc priest invokes the aid of Beogh against you.
Something smites you!
You die...

#####.......# * #.##.#..#
* #.......# #.##.##.#
#.##.##.# , * , #
#.##.##.# , ## #.......#
, ##
.####....##########...###
.'..............@)o......
,
.####....#########....###
, ## ##.#.# #.## , #
###.# * ,*# ###.# #...#
#.### #.# * #.#


You could see an orc priest.

Vanquished Creatures
  Sigmund (D:2)
  Terence (D:2)
  5 adders (D:2)
  3 giant geckos
  4 orcs (D:3)
  9 bats
  2 giant cockroaches (D:1)
  6 hobgoblins
  A quokka (D:2)
  3 giant newts
  2 goblins (D:1)
  4 kobolds
  4 rats
45 creatures vanquished.

Notes
Turn   | Place    | Note
--------------------------------------------------------------
     0 | D:1      | staplegun, the Deep Dwarf Berserker, began the quest for the Orb.
     0 | D:1      | Reached XP level 1. HP: 20/20 MP: 1/1
   186 | D:1      | Reached XP level 2. HP: 24/28 MP: 2/2
  1047 | D:2      | Noticed Terence
  1056 | D:2      | Reached XP level 3. HP: 26/34 MP: 3/3
  1059 | D:2      | Killed Terence
  1095 | D:2      | Acquired Trog's second power
  1169 | D:2      | Noticed Sigmund
  1185 | D:2      | Killed Sigmund
  1185 | D:2      | Reached XP level 4. HP: 18/44 MP: 4/4
  1345 | D:2      | Reached XP level 5. HP: 34/50 MP: 5/5
  1393 | D:2      | Found a radiant altar of Vehumet.
  1413 | D:2      | Reached skill level 4 in Maces & Flails
  1557 | D:2      | Found a shimmering altar of Xom.
  1582 | D:2      | Found a burning altar of Makhleb.
  1812 | D:3      | Killed from afar by an orc priest

Action                   |  1- 3 |  4- 6 || total
-------------------------+-------+-------++-------
Melee: Mace              |    89 |   100 ||   189
Invok: Berserk           |     2 |     1 ||     3
       Trog's Hand       |       |     1 ||     1
Evoke: Wand              |     1 |     2 ||     3
  Use: Potion            |       |     5 ||     5
       Scroll            |       |     2 ||     2
